Map: Eternal Empire LE

Players

Future - Winner!

  • Race: Terran Terran
  • Spawn Location: 7:00

jheffe

  • Race: Terran Terran
  • League: Master
  • Spawn Location: 1:00

Event: DreamHack SC2 Masters 2020 Summer North America

VOD

Have the link to the VOD?

Description

Time

  • Played on: June 30, 2020, 5:45 p.m.
  • Length: 4:56

All games in this series

Show
View Real Time Build Order
Export as new Build Order

Future Terran - Winner!

Build Orders: Gas First Reaper Expand 

Get SALT Encoding   

  12  0:00  SCV  
  13  0:12  SCV  
  14  0:17  Supply Depot  
  14  0:25  SCV  
  14  0:28  Refinery  
  15  0:38  SCV  
  16  0:44  Barracks  
  16  0:51  SCV  
  17  1:03  SCV  
  18  1:15  SCV  
  19  1:31  Orbital Command  
  19  1:32  Reaper  
  20  1:46  Command Center  
  20  1:57  SCV  
  20  2:00  Factory  
  21  2:05  Barracks Reactor  
  21  2:09  SCV  
  21  2:13  Supply Depot  
  22  2:18  Refinery  
  22  2:22  SCV  
  23  2:35  SCV  
  24  2:46  Starport  
  23  2:52  Hellion  
  23  2:53  Hellion  
  23  2:54  SCV  
  27  2:59  Orbital Command  
  27  3:06  SCV  
  28  3:14  Hellion  
  28  3:16  Hellion  
  28  3:19  SCV  
  33  3:24  Medivac  
  33  3:26  SCV  
  36  3:32  SCV  
  37  3:35  Supply Depot  
  37  3:38  SCV  
  38  3:44  Marine x2, SCV  
  38  3:45  Factory Tech Lab  
  41  3:50  SCV  
  42  3:56  SCV  
  42  3:57  Starport Tech Lab  
  42  3:58  Supply Depot  
  42  3:59  Refinery  
  42  4:02  Marine  
  44  4:03  SCV  
  44  4:05  Marine  
  44  4:08  SCV  
  47  4:11  Cyclone  
  47  4:15  SCV  
  51  4:20  SCV  
  54  4:27  SCV  
  54  4:29  Marine x2  
  57  4:32  SCV  
  50  4:39  SCV  
  50  4:42  Supply Depot  
  53  4:52  Bunker  
Show
View Real Time Build Order
Export as new Build Order

jheffe Terran 

Build Orders: Reaper Expand 

Get SALT Encoding   

  12  0:00  SCV  
  13  0:12  SCV  
  14  0:17  Supply Depot  
  14  0:26  SCV  
  15  0:38  SCV  
  15  0:40  Barracks  
  16  0:44  Refinery  
  16  0:50  SCV  
  17  1:03  SCV  
  18  1:15  SCV  
  19  1:28  Orbital Command, Reaper  
  20  1:49  Command Center  
  20  1:54  SCV  
  20  1:55  Supply Depot  
  20  2:00  Marine  
  22  2:06  SCV  
  23  2:11  Factory  
  23  2:18  SCV  
  23  2:20  Barracks Reactor  
  24  2:29  Refinery  
  24  2:30  SCV  
  25  2:42  SCV  
  26  2:55  SCV  
  26  2:57  Starport, Marine x2  
  26  2:58  Hellion  
  31  3:07  Orbital Command, SCV  
  32  3:19  SCV  
  33  3:21  Marine, Bunker, Factory Tech Lab  
  34  3:29  Marine  
  34  3:31  SCV  
  34  3:33  SCV  
  37  3:35  Starport Tech Lab  
  37  3:38  Supply Depot  
  37  3:43  Cyclone, SCV  
  37  3:45  SCV  
  41  3:51  Marine x2  
  41  3:55  SCV  
  44  3:57  SCV  
  44  4:00  Supply Depot  
  45  4:04  Raven  
  45  4:07  SCV  
  45  4:08  Refinery  
  45  4:09  SCV  
  49  4:10  Marine  
  49  4:11  Marine  
  51  4:19  SCV  
  40  4:34  SCV  
Tags
 
Add a new tag
Caveats
  • Supply blocks, unpowered buildings, or Contaminate may cause inaccurate times.
  • Supply counts are checked every 10 seconds.